 Dungeon Crawl Stone Soup version 0.27.0-1-g7a089689b8 (webtiles) character file.

Game seed: 5624944682236507716

576 Leibowitz the Chopper (level 7, -4/61 HPs)
             Began as a Minotaur Fighter on Aug 7, 2021.
             Slain by an ogre (15 damage)
             ... on level 5 of the Dungeon.
             The game lasted 00:06:47 (4122 turns).

Leibowitz the Chopper (Minotaur Fighter)            Turns: 4122, Time: 00:06:47

Health: -4/61      AC:  7    Str: 22    XL:     7   Next: 13%
Magic:  0/6        EV:  8    Int:  5    God:
Gold:   192        SH: 10    Dex: 10    Spells: 6/6 levels left

rFire    . . .     SeeInvis .   a - +0 war axe
rCold    . . .     Faith    .   c - +0 kite shield
rNeg     . . .     Spirit   +   b - +0 scale mail
rPois    .         Reflect  .   (helmet restricted)
rElec    .         Harm     .   u - scarf {+Inv}
rCorr    .         Rampage  .   (no gloves)
Will     .....                  (no boots)
Stlth    ..........             q - amulet of guardian spirit
HPRegen  0.20/turn              (no ring)
MPRegen  0.10/turn              (no ring)

@: mighty
A: horns 2, retaliatory headbutt
a: Evoke Invisibility


You were on level 5 of the Dungeon.
You visited 1 branch of the dungeon, and saw 5 of its levels.

You collected 192 gold pieces.

Inventory:

Hand Weapons
 a - a +0 war axe (weapon)
Armour
 b - a +0 scale mail (worn)
 c - a +0 kite shield (worn)
 u - a scarf of invisibility (worn)
Jewellery
 q - an amulet of guardian spirit (around neck)
Wands
 p - a wand of flame (14)
 s - a wand of polymorph (10)
Scrolls
 e - 5 scrolls of identify {unknown}
 f - a scroll of fear {unknown}
 g - 2 scrolls of teleportation {unknown}
 i - a scroll of enchant armour {unknown}
 l - a scroll of enchant weapon {unknown}
 m - a scroll of brand weapon {unknown}
 o - a scroll of vulnerability {unknown}
 r - a scroll of noise {unknown}
Potions
 d - a potion of might
 h - a potion of cancellation {unknown}
 j - a potion of curing
 k - a potion of berserk rage {unknown}
 n - a potion of haste {unknown}
 t - a potion of degeneration {unknown}
 v - a potion of heal wounds {unknown}
 w - a potion of ambrosia {unknown}


   Skills:
 * Level 5.0 Fighting
 * Level 5.9 Axes
 * Level 5.4 Armour
 * Level 2.3 Dodging
 * Level 5.4 Shields


You had 6 spell levels left.
You didn't know any spells.
Your spell library was empty.

Dungeon Overview and Level Annotations

Branches:
Dungeon (5/15)
 Temple: D:4-7

Altars:
Sif Muna
Trog

Shops:
D:1 :

Annotations:
D:5 Prince Ribbit


Innate Abilities, Weirdness & Mutations

You have a pair of horns on your head.
You reflexively headbutt those who attack you in melee.


Message History

Prince Ribbit barely misses you. You furiously retaliate!
You headbutt Prince Ribbit!
You see here 23 arrows.
Prince Ribbit blinks!
Prince Ribbit hits you but does no damage.
Prince Ribbit blinks!
You block Prince Ribbit's attack. Prince Ribbit closely misses you.
You furiously retaliate!
You headbutt Prince Ribbit! You block Prince Ribbit's attack.
Prince Ribbit hits you but does no damage.
Prince Ribbit hits you. Prince Ribbit hits you.
Prince Ribbit croaks regally.
Prince Ribbit hits you! The hound skeleton bites you. Prince Ribbit hits you!
Prince Ribbit blinks! x2
The hound skeleton bites you but does no damage.
Prince Ribbit hits you but does no damage.
Prince Ribbit hits you. Prince Ribbit hits you!
* * * LOW HITPOINT WARNING * * *
Prince Ribbit hits you!
* * * LOW HITPOINT WARNING * * *
You feel better. You block Prince Ribbit's attack.
You feel very mighty all of a sudden. Prince Ribbit hits you.
* * * LOW HITPOINT WARNING * * *
You closely miss Prince Ribbit. Your headbutt misses Prince Ribbit.
Prince Ribbit is moderately wounded.
You block Prince Ribbit's attack. Prince Ribbit barely misses you.
You furiously retaliate!
You headbutt Prince Ribbit! You miss Prince Ribbit.
Prince Ribbit is severely wounded.
Prince Ribbit hits you.
* * * LOW HITPOINT WARNING * * *
Prince Ribbit blinks!
You slash the ogre! You headbutt the ogre!
The ogre is almost dead.
The ogre hits you with a +0 giant spiked club!
You die...

##'##
#...#.Z...## #.#
#.#..ZO....# #.#
#.#........#
#######.##
#.##.......###
.........##
#O###........#
.####.....# #.#
##.......)
####...## #.#
###......
#.....#######.#
###....
....###...F@OZ..#
##### .##
#†######### #.#
#.# ..# #.# #.#
#.#


You could see Prince Ribbit, an ogre and a hound skeleton.

Vanquished Creatures
  Menkaure (D:5)
  2 scorpions (D:5)
  A howler monkey (D:5)
  A jelly (D:4)
  Natasha (thrice) (D:2)
  An orc wizard (D:5)
  A hound skeleton (D:4)
  Robin (D:2)
  7 adders
  An ufetubus (D:3)
  A worm (D:2)
  4 bats
  4 endoplasms
  4 giant cockroaches
  12 hobgoblins
  7 jackals
  3 quokkas
  7 ball pythons
  2 frilled lizards (D:1)
  18 goblins
  8 kobolds
  6 rats
95 creatures vanquished.

Notes
Turn   | Place    | Note
-------+----------+-------------------------------------------
     0 | D:1      | Leibowitz the Minotaur Fighter began the quest for the Orb.
     0 | D:1      | Reached XP level 1. HP: 19/19 MP: 0/0
   422 | D:1      | Reached XP level 2. HP: 25/27 MP: 1/1
   601 | D:1      | Found a faded altar of an unknown god.
   674 | D:1      | Found Uthrudia's Book Shoppe.
  1020 | D:1      | Reached XP level 3. HP: 33/33 MP: 2/2
  1175 | D:2      | Noticed Robin
  1184 | D:2      | Killed Robin
  1580 | D:2      | Noticed Natasha
  1581 | D:2      | Reached skill level 1 in Dodging
  1581 | D:2      | Reached XP level 4. HP: 40/40 MP: 3/3
  1585 | D:2      | Killed Natasha
  1648 | D:2      | Noticed Natasha
  1658 | D:2      | Killed Natasha
  1958 | D:2      | Noticed Natasha
  1964 | D:2      | Killed Natasha
  1965 | D:2      | Reached XP level 5. HP: 40/47 MP: 4/4
  2325 | D:3      | Found a shimmering blue altar of Sif Muna.
  2415 | D:3      | Found a bloodstained altar of Trog.
  3052 | D:4      | Reached skill level 5 in Axes
  3053 | D:4      | Reached XP level 6. HP: 35/53 MP: 2/5
  3548 | D:5      | Entered Level 5 of the Dungeon
  3548 | D:5      | Noticed Menkaure
  3555 | D:5      | Killed Menkaure
  3556 | D:5      | Reached skill level 5 in Armour
  3556 | D:5      | Reached skill level 5 in Shields
  3835 | D:5      | Reached skill level 5 in Fighting
  4002 | D:5      | Reached XP level 7. HP: 57/61 MP: 4/6
  4076 | D:5      | Noticed Prince Ribbit
  4122 | D:5      | Slain by an ogre

Illustrated notes

Levels and vault maps discovered:
D:1:      lightli_arrival_farm, layout_basic,
          hellmonk_ecumenical_altar_heavens_door, serial_shops, shop
D:2:      layout_basic, uniq_robin, uniq_natasha
D:3:      layout_basic, mainiacjoe_overflow_six_doors_small,
          lemuel_crystal_altar, grunt_decor_mini_mirrors
D:4:      layout_basic, eino_small_chamber_without_monster
D:5:      kennysheep_spiral_hall, layout_loops_corners, uniq_ijyb,
          uniq_menkaure, uniq_prince_ribbit1

Skill      XL: |  1  2  3  4  5  6 |
---------------+-------------------+-----
Shields        | 4 5 |  5.4
Fighting       | 4 5 |  5.0
Armour         | 4 5 |  5.4
Axes           | 3 4 5 |  5.9
Dodging        | 1 2 |  2.3

Action                   |  1- 3 |  4- 6 |  7- 9 || total
-------------------------+-------+-------+-------++-------
Melee: War axe           |    79 |   112 |    11 ||   202
       Headbutt          |    16 |    19 |     1 ||    36
  Use: Potion            |       |     2 |     2 ||     4
Armor: Scale mail        |    33 |    53 |     7 ||    93
Dodge: Dodged            |    26 |    35 |     5 ||    66
Block: Kite shield       |    40 |    60 |     8 ||   108
